AoeStats
← stepych

Arena

506162736Analyzed
1v1 RM · 20d ago on Sep 12, 2026· 35m 47s· 2 players
Game mode
Random Map
Map size
Tiny (2 player)
Population
200
Speed
Normal
Resources
Standard
Victory
Conquest
Starting age
Dark Age
Ending age
Imperial Age
RankedLock teamsTeams togetherTeam positionsShared explorationLock speedFull tech treeHidden civsTurbo modeCheats
Victory
Defeat
🇵🇪 Italians · Peru
978
+15
🇷🇺 Wei · Russia
963
-38
stepych
11:29 Feudal Age
10:36 Loom
12:02 Double-Bit Axe
11:59 Horse Collar
14:42 Wheelbarrow
13:53 Town Watch
20:39 Castle Age
20:53 Fletching
21:04 Padded Archer Armor
23:29 Husbandry
23:57 Bloodlines
23:57 Thumb Ring
24:37 Light Cavalry
25:54 Scale Barding Armor
26:44 Heavy Plow
29:23 Bodkin Arrow
29:43 Leather Archer Armor
29:56 Gold Mining
33:02 Tuntian
36:50 Imperial Age
jmejiacardenas93
10:40 Feudal Age
11:36 Loom
14:54 Castle Age
13:47 Stone Mining
17:44 Double-Bit Axe
24:03 Bow Saw
24:23 Horse Collar
25:57 Gold Mining
30:41 Imperial Age
28:49 Wheelbarrow
28:06 Fletching
28:42 Ballistics
29:01 Heavy Plow
29:45 Bodkin Arrow
29:51 Padded Archer Armor
30:31 Stone Shaft Mining
30:25 Murder Holes
33:14 Chemistry
31:43 Pikeman
32:26 Squires
33:08 Conscription
34:03 Scale Mail Armor
35:14 Fortified Wall
35:19 Bloodlines
34:29 Light Cavalry
Connection lost

Rejoining the realm…

Still unreachable

The connection could not be restored.

Session expired

The server has moved on; the page needs a fresh start.